 Dungeon Crawl Stone Soup version 0.19-a0-1672-g679cadd (webtiles) character file.

2086 TheGoonsmith the Destroyer (level 9, -3/51 HPs)
             Began as an Octopode Fire Elementalist on Sept 22, 2016.
             Was a Priest of Sif Muna.
             Shot with an arrow by a centaur (18 damage)
             ... on level 7 of the Dungeon.
             The game lasted 00:15:06 (8361 turns).

TheGoonsmith the Destroyer (OpFE)                   Turns: 8361, Time: 00:15:06

Health: -3/51      AC:  1    Str:  7    XL:     9   Next: 27%
Magic:  16/17      EV: 13    Int: 21    God:    Sif Muna [***...]
Gold:   195        SH:  0    Dex: 12    Spells: 4 memorised, 6 levels left

rFire  + . .     SeeInvis +     x - +0 whip (freeze)
rCold  . . .     Gourm    .     (no shield)
rNeg   . . .     Faith    .     (helmet restricted)
rPois  .         Spirit   .     (no amulet)
rElec  .         Dismiss  .     c - ring of see invisible
rCorr  .         Reflect  .     v - ring of protection from fire
MR     .....     Harm     .     (no ring)
Stlth  +++.......               (no ring)
                                (no ring)
                                (no ring)
                                (no ring)
                                (no ring)

@: drained
A: almost no armour, stealthy swim, amphibious, 8 rings, constrict 8, camouflage
1, gelatinous body 1
a: Divine Energy, Channel Magic, Renounce Religion


You were on level 7 of the Dungeon.
You worshipped Sif Muna.
Sif Muna was most pleased with you.
You were not hungry.

You visited 1 branch of the dungeon, and saw 7 of its levels.

You collected 195 gold pieces.

Inventory:

Hand Weapons
 e - a +1 dagger
 g - a +0 dagger of freezing
 x - a +0 whip of freezing (weapon)
Missiles
 z - 15 tomahawks (quivered)
Magical Staves
 w - an uncursed staff of earth
Jewellery
 c - a ring of see invisible (left tentacle)
 u - an uncursed ring of ice
 v - a ring of protection from fire (right tentacle)
Scrolls
 d - 4 scrolls of enchant weapon
 f - a scroll of magic mapping
 q - 3 scrolls of remove curse
 r - 6 scrolls of identify
 t - a scroll of enchant armour
 y - 2 scrolls of teleportation
Potions
 j - 2 potions of flight
 l - a potion of berserk rage
 m - a potion of agility
 n - a potion of curing
 p - a potion of lignification
Books
 a - a book of Flames

   Spells                             Type                      Level
   a - Flame Tongue                   Conjuration/Fire             1
   b - Throw Flame                    Conjuration/Fire             2
   c - Conjure Flame                  Conjuration/Fire             3
   d - Inner Flame                    Hexes/Fire                   3
   e - Sticky Flame                   Conjuration/Fire             4
   f - Fireball                       Conjuration/Fire             5
 h - a book of the Warp

   Spells                             Type                      Level
   a - Gell's Gravitas                Hexes/Translocation          3
   b - Force Lance                    Conjuration/Translocation    4
   c - Summon Forest                  Summoning/Translocation      5
   d - Dispersal                      Translocation                6
   e - Controlled Blink               Translocation                8
   f - Disjunction                    Translocation                8
 o - a book of Burglary

   Spells                             Type                      Level
   a - Swiftness                      Charms/Air                   2
   b - Passwall                       Transmutation/Earth          2
   c - Passage of Golubria            Translocation                4
   d - Lee's Rapid Deconstruction     Earth                        5
   e - Darkness                       Hexes                        6
   f - Invisibility                   Hexes                        6
 s - a book of Maledictions

   Spells                             Type                      Level
   a - Corona                         Hexes                        1
   b - Ensorcelled Hibernation        Hexes/Ice                    2
   c - Confuse                        Hexes                        3
   d - Tukima's Dance                 Hexes                        3
   e - Dazzling Spray                 Conjuration/Hexes            3
Comestibles
 i - 3 fruits
 k - 5 meat rations


   Skills:
 - Level 2.0(1.7) Dodging
 - Level 2.6(2.4) Stealth
 + Level 5.6(5.4) Spellcasting
 * Level 8.6(8.2) Conjurations
 + Level 6.6(6.3) Fire Magic


You had 6 spell levels left.
You knew the following spells:

 Your Spells              Type           Power        Failure   Level  Hunger
a - Flame Tongue          Conj/Fire      #####        1%          1    None
c - Conjure Flame         Conj/Fire      #####...     1%          3    ##.....
f - Fireball              Conj/Fire      #####.....   17%         5    #####..
s - Sticky Flame          Conj/Fire      #####...     6%          4    ####...


Dungeon Overview and Level Annotations

Branches:
Dungeon (7/15)             Temple (0/1) D:6

Altars:
Cheibriados
Nemelex Xobeh
Qazlal
Sif Muna
Yredelemnul
Zin


Innate Abilities, Weirdness & Mutations

You cannot wear most types of armour.
You are very stealthy in the water.
You are amphibious.
You can wear up to eight rings at the same time.
You can use your tentacles to constrict eight enemies at once.
Your skin changes colour to match your surroundings (Stealth+).
Your rubbery body absorbs attacks. (AC +1, EV +1)


Message History

You see here an arrow.
Casting: Conjure Flame
Confirm with . or Enter, or press ? or * to list all spells.
You can't see any susceptible monsters within range! (Use Z to cast anyway.)
The centaur shoots an arrow.
The arrow hits you!
The centaur shoots an arrow.
The arrow hits you!
You see here 2 arrows.
Casting: Conjure Flame
Confirm with . or Enter, or press ? or * to list all spells.
Aiming: Flame Tongue
Press: ? - help, Shift-Dir - straight line, f - centaur
Aim: a centaur, wielding a shortbow The flame tongue hits the centaur.
The centaur is moderately wounded.
The centaur shoots an arrow.
The arrow barely misses you.
The centaur shoots an arrow.
The arrow hits you.
* * * LOW HITPOINT WARNING * * *
You see here an arrow.
The centaur shoots an arrow.
The arrow hits you!!
You die...

##.####.....
#...........
#.#####..##....##. ###
# .........##.#.#...
......
..###.......#...#
....#. .....##.......#
......
..........(...## ....
..######.#(#### #.. #
#@((# #####..
#........# #.....o
#..........####.###..
#.#........##.......#
#..#....?...##.....o.#
...
#...c...?...c..(..#
...
#...........#..c#..
...
#........#..#.#.##.
#....#5##.


You could see a centaur.

Vanquished Creatures
  Pikel (D:6)
  A sky beast (D:5)
  A phantom (D:6)
  3 ice beasts
  A centaur (D:3)
  An ogre (D:4)
  A bullfrog (D:6)
  8 wights
  A bullfrog zombie (D:4)
  A hound (D:6)
  A jelly (D:5)
  4 orc priests
  A centaur skeleton (D:7)
  Terence (D:2)
  2 orc wizards
  An iguana (D:5)
  Robin (D:2)
  2 worker ant zombies (D:5)
  2 gnolls (D:2)
  7 adders
  3 adder skeletons
  4 worms
  7 dart slugs
  5 leopard geckos
  14 orcs
  2 ball pythons
  4 bats
  4 giant cockroaches
  26 goblins
  8 hobgoblins
  6 jackals
  4 kobolds (D:3)
  7 quokkas
  7 frilled lizards
  A leopard gecko skeleton (D:5)
  8 rats
151 creatures vanquished.

Vanquished Creatures (others)
  A jelly (D:6)
  A shadow imp (D:6)
  An adder skeleton (D:6)
3 creatures vanquished.

Grand Total: 154 creatures vanquished

Notes
Turn   | Place    | Note
-------+----------+-------------------------------------------
     0 | D:1      | TheGoonsmith the Octopode Fire Elementalist began the quest for the Orb.
     0 | D:1      | Reached XP level 1. HP: 11/11 MP: 3/3
   155 | D:1      | Reached XP level 2. HP: 16/17 MP: 0/5
   216 | D:1      | Reached skill level 2 in Conjurations
   900 | D:1      | Reached XP level 3. HP: 21/21 MP: 2/6
  1455 | D:2      | Found a sparkling altar of Nemelex Xobeh.
  1465 | D:2      | Noticed Terence
  1571 | D:2      | Killed Terence
  1571 | D:2      | Reached XP level 4. HP: 22/27 MP: 3/7
  1647 | D:2      | Noticed Robin
  1713 | D:2      | Killed Robin
  1713 | D:2      | Reached skill level 3 in Conjurations
  2019 | D:2      | Reached XP level 5. HP: 31/31 MP: 3/8
  2559 | D:3      | Noticed a centaur
  2568 | D:3      | Learned a level 4 spell: Sticky Flame
  2572 | D:3      | Learned a level 3 spell: Conjure Flame
  2924 | D:3      | Found a glowing silver altar of Zin.
  2927 | D:3      | Found a basalt altar of Yredelemnul.
  2927 | D:3      | Found a deep blue altar of Sif Muna.
  2939 | D:3      | Became a worshipper of Sif Muna the Loreminder
  3045 | D:3      | Reached skill level 4 in Conjurations
  3201 | D:3      | Noticed an ice beast
  3212 | D:3      | Reached XP level 6. HP: 36/36 MP: 6/10
  4536 | D:4      | Found a stormy altar of Qazlal.
  4672 | D:4      | Reached skill level 5 in Conjurations
  4767 | D:5      | Entered Level 5 of the Dungeon
  4882 | D:5      | Reached * piety under Sif Muna
  4882 | D:5      | Reached XP level 7. HP: 36/41 MP: 4/12
  5318 | D:5      | Reached skill level 5 in Fire Magic
  5392 | D:5      | Reached skill level 6 in Conjurations
  5682 | D:5      | Reached XP level 8. HP: 46/46 MP: 11/14
  5971 | D:5      | Reached ** piety under Sif Muna
  5972 | D:5      | HP: 1/46 [orc/flail (3)]
  6411 | D:6      | Reached skill level 7 in Conjurations
  6816 | D:6      | Noticed Pikel
  6829 | D:6      | Killed Pikel
  6829 | D:6      | Reached skill level 5 in Spellcasting
  7037 | D:6      | Found a snail-covered altar of Cheibriados.
  7121 | D:6      | Reached XP level 9. HP: 51/51 MP: 10/16
  7140 | D:6      | Reached skill level 8 in Conjurations
  7216 | D:6      | Learned a level 5 spell: Fireball
  7500 | D:6      | Reached *** piety under Sif Muna
  7709 | D:6      | Found a staircase to the Ecumenical Temple.
  8361 | D:7      | Shot with an arrow by a centaur

Vault maps used:
D:1:      evilmike_arrival_rings, hangedman_decor_peaks_small,
          corexii_item_surrounded_by_moat
D:2:      wad_woods_tower, nicolae_overflow_crystal_walls, uniq_terence,
          uniq_robin
D:3:      grunt_temple_overflow_open, first_bread, minmay_divided_ellipse
D:4:      nicolae_qazlal_eye_of_the_storm
D:6:      slow_altar_1, uniq_pikel

Skill      XL: |  1  2  3  4  5  6  7  8  9 |
---------------+----------------------------+-----
Conjurations   | 2 3 4 5 6 7 8 |  8.6
Fire Magic     | 4 5 6 |  6.6
Spellcasting   | 3 4 5 |  5.6
Dodging        | |  2.0
Stealth        | |  2.6

Action                   |  1- 3 |  4- 6 |  7- 9 || total
-------------------------+-------+-------+-------++-------
Melee: Unarmed           |     4 |       |       ||     4
       Constrict         |     4 |     7 |     4 ||    15
       Dagger            |     5 |    28 |     7 ||    40
       Tentacles         |     2 |     4 |     2 ||     8
       Whip              |       |       |     1 ||     1
 Cast: Flame Tongue      |    39 |   156 |   147 ||   342
       Conjure Flame     |       |     2 |     5 ||     7
       Sticky Flame      |       |       |     5 ||     5
  Use: Scroll            |       |    10 |     5 ||    15
       Potion            |       |       |     2 ||     2
  Eat: Chunk             |     2 |    10 |     2 ||    14
       Bread ration      |       |       |     3 ||     3
       Fruit             |       |       |     1 ||     1
Armor: Skin              |     3 |     4 |     6 ||    13
Dodge: Dodged            |    13 |    50 |    36 ||    99
